 Dungeon Sprint DCSS version 0.21-a0-50-g941c862 (webtiles) character file.

980 Kidiri the Covert (level 7, -4/38 HPs)
             Began as a Spriggan Enchanter on June 11, 2017.
             Was an Elder of Wu Jian.
             Killed from afar by a lindwurm (36 damage)
             ... with a blast of flame
             ... in the Dungeon (Sprint VII: "The Pits").
             The game lasted 00:07:58 (1175 turns).

Kidiri the Covert (Spriggan Enchanter)              Turns: 1175, Time: 00:07:59

Health: -4/38      AC:  2    Str:  4    XL:     7   Next: 96%
Magic:  7/18       EV: 28    Int: 17    God:    Wu Jian [****..]
Gold:   0          SH:  0    Dex: 18    Spells: 8/20 levels left

rFire    . . .     SeeInvis +   a - +1 dagger (drain)
rCold    . . .     Gourm    .   (shield restricted)
rNeg     . . .     Faith    .   b - +0 robe
rPois    .         Spirit   .   (helmet restricted)
rElec    .         Reflect  .   (no cloak)
rCorr    .         Harm     .   (gloves unavailable)
MR       +....     NoTele   +   (boots unavailable)
Stlth    +++++.....             (no amulet)
Regen    0.2/turn               (no ring)
MPRegen  0.2/turn               (no ring)

@: very slightly contaminated, very quick
A: unfitting armour, see invisible, herbivore 3, speed 3, slow metabolism 2
a: Serpent's Lash, Renounce Religion


You were in the Dungeon.
You worshipped Wu Jian.
Wu Jian was greatly pleased with you.
You were not hungry.

You visited 1 branch

Inventory:

Hand Weapons
 a - a +1 dagger of draining (weapon)
Armour
 b - a +0 robe (worn)
Scrolls
 j - a scroll of blinking
 l - 3 scrolls of remove curse
 m - 5 scrolls of amnesia
 n - a scroll of summoning
Potions
 e - 6 potions of curing
 f - 5 potions of heal wounds
 g - a potion of haste
 h - 4 potions of magic
 i - 3 potions of berserk rage
 k - 2 potions of invisibility
Books
 c - a book of Maledictions

   Spells                             Type                      Level
   a - Corona                         Hexes                        1
   b - Ensorcelled Hibernation        Hexes/Ice                    2
   c - Confuse                        Hexes                        3
   d - Tukima's Dance                 Hexes                        3
   e - Dazzling Spray                 Conjuration/Hexes            3
Comestibles
 d - 8 bread rations
 o - 40 fruits


   Skills:
 + Level 4.5 Fighting
 * Level 8.6 Short Blades
 + Level 4.0 Armour
 * Level 11.4 Dodging
 * Level 12.4 Stealth
 + Level 7.0 Spellcasting
 + Level 7.5 Hexes


You had 8 spell levels left.
You knew the following spells:

 Your Spells              Type           Power        Failure   Level  Hunger
a - Corona                Hex            ####...      1%          1    None
b - Ensorcelled Hibernat  Hex/Ice        ###...       3%          2    None
c - Confuse               Hex            ####....     1%          3    ##.....
d - Tukima's Dance        Hex            ####....     1%          3    ##.....
e - Dazzling Spray        Conj/Hex       ###...       8%          3    ##.....


Dungeon Overview and Level Annotations

Branches:
Dungeon (1/1)

Altars:
Ashenzari
Cheibriados
Dithmenos
Elyvilon
Fedhas
Gozag
Hepliaklqana
Kikubaaqudgha
Makhleb
Nemelex Xobeh
Okawaru
Qazlal
Ru
Sif Muna
Trog
Uskayaw
Vehumet
Wu Jian
Xom
Yredelemnul
Zin
The Shining One
Beogh
Jiyva
Lugonu


Innate Abilities, Weirdness & Mutations

You are very small and have problems with some larger weapons.
You are too small for most types of armour.
You have supernaturally acute eyesight. (SInv)
You are a herbivore.
You cover ground extremely quickly.
You need consume almost no food.


Message History

Confirm with . or Enter, or press ? or * to list all spells.
Aiming: Dazzling Spray
Press: ? - help, Shift-Dir - straight line, f/p - lindwurm
Aim: a lindwurm The spray of energy misses the lindwurm.
The spray of energy misses the killer bee.
The lindwurm completely misses you. The lindwurm claws you.
The lindwurm completely misses you.
Casting: Dazzling Spray
Confirm with . or Enter, or press ? or * to list all spells.
Aiming: Dazzling Spray
Press: ? - help, Shift-Dir - straight line, f/p - lindwurm
Aim: a lindwurm You miscast Dazzling Spray.
You are very lightly contaminated with residual magic.
Your skin tingles.
The lindwurm breathes flames at you. The blast of flame hits you!
Ouch! That really hurt!
You die...

##########.##.....
#)..........'.....
#'#####+#####.....
#)#..#...+.##.....
#.#..#)..#.#####+#
#.#..#####.##.....
#.#..+..)#.##.....
#.#..+...+.##.....
#@#..########...<.
#k#%.+[))).##.....
#y#.%#[))).##.....
#'###########.....
#.......#%.#######
#..###..#.######
#.....y.#.#....#
##.###y##+#....#
#.......#)'....+


You could see a lindwurm and a killer bee.

Vanquished Creatures
  A spiny frog (D)
  2 floating eyes (D)
  An orc warrior (D)
  A sky beast (D)
  A centaur (D)
  A scorpion (D)
  2 killer bees (D)
  A jelly (D)
  Jessica (D)
  A gnoll (D)
  An adder (D)
  A river rat (D)
  A leopard gecko (D)
  2 orcs (D)
  A bat zombie (D)
  2 giant cockroaches (D)
  A hobgoblin (D)
  2 bats (D)
23 creatures vanquished.

Notes
Turn   | Place    | Note
-------+----------+-------------------------------------------
     0 | D        | Kidiri the Spriggan Enchanter began the quest for the Orb.
     0 | D        | Reached XP level 1. HP: 9/9 MP: 5/5
    14 | D        | Reached skill level 5 in Stealth
    14 | D        | Reached XP level 2. HP: 14/14 MP: 7/7
    19 | D        | Found a bloodstained altar of Trog.
    19 | D        | Found a deep blue altar of Sif Muna.
    19 | D        | Found a viscous altar of Jiyva.
    19 | D        | Found a hazy altar of Hepliaklqana.
    19 | D        | Found an opulent altar of Gozag.
    20 | D        | Found a glowing golden altar of the Shining One.
    20 | D        | Found a glowing silver altar of Zin.
    20 | D        | Found a basalt altar of Yredelemnul.
    20 | D        | Found a shimmering altar of Xom.
    20 | D        | Found an ornate altar of the Wu Jian Council.
    20 | D        | Found a sacrificial altar of Ru.
    20 | D        | Found a stormy altar of Qazlal.
    20 | D        | Found an iron altar of Okawaru.
    20 | D        | Found a sparkling altar of Nemelex Xobeh.
    20 | D        | Found a burning altar of Makhleb.
    20 | D        | Found a blossoming altar of Fedhas.
    20 | D        | Found a white marble altar of Elyvilon.
    20 | D        | Found a shadowy altar of Dithmenos.
    20 | D        | Found a snail-covered altar of Cheibriados.
    22 | D        | Found a radiant altar of Vehumet.
    22 | D        | Found a corrupted altar of Lugonu.
    22 | D        | Found a roughly hewn altar of Beogh.
    23 | D        | Found a hide-covered altar of Uskayaw.
    23 | D        | Found an ancient bone altar of Kikubaaqudgha.
    23 | D        | Found a shattered altar of Ashenzari.
    29 | D        | Became a worshipper of the Wu Jian Council
    89 | D        | Reached * piety under Wu Jian
    92 | D        | Reached skill level 1 in Fighting
   100 | D        | Noticed a floating eye
   103 | D        | Killed a floating eye
   103 | D        | Reached skill level 8 in Stealth
   103 | D        | Reached skill level 5 in Hexes
   103 | D        | Reached XP level 3. HP: 18/18 MP: 7/9
   103 | D        | Reached XP level 4. HP: 23/23 MP: 8/11
   104 | D        | Reached ** piety under Wu Jian
   143 | D        | Learned a level 2 spell: Ensorcelled Hibernation
   147 | D        | Learned a level 3 spell: Confuse
   151 | D        | Learned a level 3 spell: Tukima's Dance
   302 | D        | Noticed Jessica
   309 | D        | Noticed a centaur
   446 | D        | Killed a centaur
   446 | D        | Reached skill level 5 in Short Blades
   446 | D        | Reached skill level 9 in Stealth
   446 | D        | Reached XP level 5. HP: 6/27 MP: 10/13
   459 | D        | Reached *** piety under Wu Jian
   459 | D        | Reached skill level 5 in Spellcasting
   543 | D        | Learned a level 3 spell: Dazzling Spray
   548 | D        | Killed Jessica
   548 | D        | Reached XP level 6. HP: 18/32 MP: 2/14
   719 | D        | Reached skill level 10 in Stealth
   795 | D        | Noticed a floating eye
   796 | D        | Killed a floating eye
   798 | D        | Noticed a spiny frog
   799 | D        | Killed a spiny frog
   799 | D        | Reached **** piety under Wu Jian
   799 | D        | Reached skill level 10 in Dodging
   799 | D        | Reached skill level 11 in Stealth
   799 | D        | Reached XP level 7. HP: 37/37 MP: 15/17
   815 | D        | Reached skill level 12 in Stealth
   884 | D        | Noticed a lindwurm
  1175 | D        | Killed from afar by a lindwurm

Vault maps used:
D:        pitsprint

Skill      XL: |  1  2  3  4  5  6  7 |
---------------+----------------------+-----
Short Blades   | 2 4 5 6 8 |  8.6
Stealth        | 5 8 9 11 12 | 12.4
Spellcasting   | 3 4 5 6 7 |  7.0
Dodging        | 6 8 10 11 | 11.4
Hexes          | 5 7 |  7.5
Fighting       | 2 3 4 |  4.5
Armour         | 2 3 4 |  4.0

Action                   |  1- 3 |  4- 6 |  7- 9 || total
-------------------------+-------+-------+-------++-------
Melee: Dagger            |     6 |    49 |    47 ||   102
 Cast: Ensorcelled Hiber |       |    14 |     8 ||    22
       Dazzling Spray    |       |       |     1 ||     1
  Use: Potion            |       |       |     1 ||     1
 Stab: Sleeping          |     6 |     8 |     3 ||    17
       Distracted        |       |       |     1 ||     1
Dodge: Dodged            |       |    43 |    56 ||    99
